 Dungeon Crawl Stone Soup version 0.32-a0-871-ge202e49faa (webtiles) character file.

Game seed: 13860630516375192520

19920 Biggs the Skirmisher (level 12, -1/105 HPs)
             Began as a Coglin Hunter on Mar 29, 2024.
             Was a High Priest of Okawaru.
             Shot with an arrow by Nessos (5 damage)
             ... while petrified by a basilisk
             ... on level 4 of the Lair of Beasts.
             The game lasted 00:22:20 (12213 turns).

Biggs the Skirmisher (Coglin Hunter)               Turns: 12213, Time: 00:22:21

Health: -1/105     AC:  9    Str: 11    XL:     12   Next: 74%
Magic:  12/12      EV:  2    Int:  9    God:    Okawaru [*****.]
Gold:   573        SH:  0    Dex: 23    Spells: 11/11 levels left

rFire   . . .        a - +2 sling {Heidi}
rCold   . . .        B - +1 sling (flame) {Kansuke}
rNeg    + + +        f - +0 steam dragon scales
rPois   ∞            t - +0 helmet
rElec   .            M - +2 cloak
rCorr   .            (no gloves)
SInv    .            (no boots)
Will    .....        (amulet unavailable)
Stlth   ++           (ring unavailable)
HPRegen 0.37/turn    (ring unavailable)
MPRegen 0.13/turn    (no gizmo)

%: no passive effects
@: lethally poisoned (-1 -> -1), petrified, invisible, revving
A: off-hand wielding, slow wielding, warmup strikes, no jewellery
a: Invent Gizmo, Renounce Religion, Heroism, Finesse, Duel


You were on level 4 of the Lair of Beasts.
You worshipped Okawaru.
Okawaru was extremely pleased with you.
You visited 3 branches of the dungeon, and saw 14 of its levels.
You also visited: Sewer and Ossuary.

You collected 573 gold pieces.

Inventory:

Hand Weapons
 a - a +2 sling (weapon) {Heidi}
 B - a +1 sling of flaming (offhand) {Kansuke}
Missiles
 G - 3 throwing nets
Armour
 c - +0 swamp dragon scales
 f - +0 steam dragon scales (worn)
 t - a +0 helmet (worn)
 M - a +2 cloak (worn)
Wands
 o - a wand of polymorph (17)
 p - a wand of quicksilver (1)
 H - a wand of digging (3)
 I - a wand of paralysis (9)
 L - a wand of iceblast (8)
Scrolls
 d - 2 scrolls of immolation
 e - 3 scrolls of teleportation
 h - a scroll of torment
 j - a scroll of enchant armour
 q - 3 scrolls of vulnerability
 v - a scroll of revelation
 x - 5 scrolls of fog
 y - a scroll of enchant weapon
 F - 2 scrolls of noise
 J - 3 scrolls of poison {unknown}
 K - 4 scrolls of amnesia {unknown}
Potions
 b - 3 potions of degeneration {unknown}
 g - 5 potions of heal wounds {unknown}
 i - 10 potions of invisibility
 l - 2 potions of enlightenment {unknown}
 m - 3 potions of ambrosia {unknown}
 n - 8 potions of mutation {unknown}
 r - 2 potions of resistance {unknown}
 s - 4 potions of lignification {unknown}
 u - 2 potions of cancellation {unknown}
 w - 3 potions of might {unknown}
 z - a potion of magic {unknown}
 A - 2 potions of berserk rage {unknown}
 C - 3 potions of brilliance {unknown}
 E - 3 potions of attraction {unknown}


   Skills:
 + Level 13.3 Fighting
 - Level 14.0 Ranged Weapons
 - Level 6.2 Dodging
 - Level 0.7 Stealth


You had 11 spell levels left.
You didn't know any spells.
Your spell library contained the following spells:

 Spells                   Type           Power      Damage    Failure   Level
 Necrotise                Necr           0%         1d4       38%         1
 Slow                     Hex            0%         N/A       38%         1
 Cigotuvi's Dreadful Rot  Necr/Alch/Air  0%         N/A       52%         2
 Ensorcelled Hibernation  Hex/Ice        0%         N/A       52%         2
 Confusing Touch          Hex            0%         N/A       77%         3
 Inner Flame              Hex/Fire       0%         N/A       77%         3
 Passwall                 Erth           0%         N/A       77%         3
 Sigil of Binding         Hex            0%         N/A       77%         3
 Swiftness                Air            0%         N/A       77%         3
 Vampiric Draining        Necr           0%         2d6       77%         3
 Dimensional Bullseye     Hex/Tloc       0%         N/A       99%         4
 Ignite Poison            Fire/Alch      0%         N/A       99%         4
 Curse of Agony           Necr           0%         N/A       100%        5
 Freezing Cloud           Conj/Ice/Air   0%         6-21      100%        5
 Irradiate                Conj/Alch      0%         3d11      100%        5
 Dispersal                Tloc           0%         N/A       100%        6
 Gell's Gavotte           Tloc           0%         2d(11-16) 100%        6
 Manifold Assault         Tloc           0%         N/A       100%        7
 Disjunction              Tloc           0%         N/A       100%        8
 Ignition                 Fire           0%         3d3       100%        8
 Call Canine Familiar     Summ           Unusable   N/A       N/A         3
 Martyr's Knell           Necr/Summ      Unusable   N/A       N/A         4

Dungeon Overview and Level Annotations

Branches:
Dungeon (9/15)             Temple (1/1) D:4            Lair (4/5) D:8
  Swamp (0/4) Lair:3        Slime (0/5) Lair:4        Sewer (visited)
Ossuary (visited)
  Snake: Lair:2-3    Spider: Lair:2-3       Orc: D:9-12

Altars:
Ashenzari
Cheibriados
Dithmenos
Fedhas
Gozag
Hepliaklqana
Kikubaaqudgha
Makhleb
Nemelex Xobeh
Okawaru
Qazlal
Ru
Sif Muna
Trog
Uskayaw
Vehumet
Wu Jian
Xom
Yredelemnul
Zin
The Shining One

Shops:
D:5 (   D:9 :

Annotations:
D:4 2 runed translucent doors, Hsik's ghost, amateur KoHu
Lair:4 Nessos


Innate Abilities, Weirdness & Mutations

You can wield a second weapon in your off-hand.
It takes a long time for you to wield or remove held weapons.
Your first few attacks do less damage.
You cannot equip rings or amulets.


Message History

You are more poisoned.
The basilisk gazes at you. You resist with some effort.
You feel extremely sick.
Nessos shoots an arrow.
The arrow barely misses you.
You feel very sick.
The rime drake hisses angrily.
Nessos shoots an arrow.
The arrow barely misses you. The basilisk gazes at you.
You are slowing down.
You hear an angry hiss.
Okay, then.
Okay, then.
You fade into invisibility!
You feel very sick.
Nessos shoots an arrow.
The arrow hits you!!
* * * LOW HITPOINT WARNING * * *
The arrow burns you.
You are lethally poisoned!
* * * LOW HITPOINT WARNING * * *
Nessos casts a spell.
Nessos shoots an arrow.
The arrow closely misses you. The basilisk gazes at you.
You resist with some effort.
Your limbs are stiffening.
You feel better.
Nessos shoots an arrow.
The arrow hits you!
* * * LOW HITPOINT WARNING * * *
The arrow burns you.
You are lethally poisoned!
* * * LOW HITPOINT WARNING * * *
Nessos shoots an arrow.
The arrow closely misses you.
Nessos shoots an arrow.
The arrow completely misses you. The rime drake breathes ice at you.
The icy flash freeze misses you.
A water moccasin comes into view.
Nessos mumbles some strange words.
You have turned to stone.
Nessos shoots an arrow.
The arrow hits you!!
* * * LOW HITPOINT WARNING * * *
The arrow burns you!
You die...

................#
...............P#
.................
.......<.†.....<.
....P........##
..#....#...###
.........#.###
.....#..k..#.###
#P.>.......@#..###
#................#
#......##...........^.
P...P #.....†l......
#...P..#...##cS.#†.#
## PP....## ......#
.P#P..# .......
#..##... ....... #.
(......


You could see Nessos (fast, unable to see you), a basilisk (unable to see you),
a rime drake (unable to see you, catching breath) and a water moccasin
(wandering, unable to see you).

Vanquished Creatures
  Fannar (Lair:3)
  A two-headed ogre (D:8)
  A bog body (Lair:3)
  Pikel (D:5)
  6 black mambas (Lair:1)
  Maggie (D:8)
  4 cane toads
  2 rime drakes (Lair:2)
  5 komodo dragons
  2 blink frogs (Lair:2)
  Grinder (D:5)
  Sigmund (D:2)
  9 spriggans (Lair:2)
  14 yaks
  4 wyverns
  3 basilisks
  3 steam dragons
  11 water moccasins
  3 orc warriors
  3 black bears
  A sky beast (D:8)
  5 ogres
  11 wolves
  A centaur (D:8)
  A lemure (D:5)
  3 kobold brigands
  2 brain worms (Sewer)
  Blork the orc (D:5)
  15 bullfrogs
  3 scorpions
  6 water moccasin zombies (Ossuary)
  A burial acolyte (Ossuary)
  6 killer bees (D:9)
  5 bombardier beetles
  5 electric eels
  4 howler monkeys
  2 hounds
  10 orc priests
  A spectral scorpion (Ossuary)
  4 iguanas
  15 orc wizards
  A crocodile zombie (Ossuary)
  2 mummies (Ossuary)
  Robin (D:2)
  3 gnolls (D:8)
  9 adders
  3 river rats (Sewer)
  2 shadow imps
  2 ufetubi (D:7)
  6 adder zombies (Ossuary)
  5 dart slugs
  5 ribbon worms
  50 orcs
  9 ball pythons
  3 bats
  10 endoplasms
  6 giant cockroaches
  12 gnoll zombies (Ossuary)
  7 hobgoblins
  4 jackals (D:4)
  2 quokkas
  A frilled lizard (Sewer)
  13 goblins
  3 jackal zombies (Ossuary)
  22 kobolds
  2 orc zombies (Ossuary)
  6 rats
367 creatures vanquished.

Notes
Turn   | Place    | Note
-------+----------+-------------------------------------------
     0 | D:1      | Biggs the Coglin Hunter began the quest for the Orb.
     0 | D:1      | Reached XP level 1. HP: 16/16 MP: 1/1
    93 | D:1      | Reached skill level 4 in Ranged Weapons
    93 | D:1      | Reached XP level 2. HP: 22/22 MP: 2/2
   515 | D:2      | Reached XP level 3. HP: 27/27 MP: 3/3
   573 | D:2      | Noticed Robin
   703 | D:2      | Found a broken altar of Ashenzari.
   738 | D:2      | Noticed Sigmund
  1076 | D:2      | Killed Sigmund
  1077 | D:2      | Reached skill level 6 in Ranged Weapons
  1077 | D:2      | Reached XP level 4. HP: 19/33 MP: 4/4
  1077 | D:2      | Reached XP level 5. HP: 22/38 MP: 5/5
  1359 | D:2      | Killed Robin
  1363 | D:2      | Reached XP level 6. HP: 41/44 MP: 6/6
  1566 | D:3      | Found a glowing drain.
  1593 | Sewer    | Entered a sewer
  1795 | Sewer    | Reached skill level 7 in Ranged Weapons
  1929 | Sewer    | Reached XP level 7. HP: 50/50 MP: 7/7
  2555 | D:3      | Found a hide-covered altar of Uskayaw.
  2979 | D:4      | Reached skill level 8 in Ranged Weapons
  3043 | D:4      | Found a staircase to the Ecumenical Temple.
  3059 | Temple   | Entered the Ecumenical Temple
  3067 | Temple   | Became a worshipper of Warmaster Okawaru
  3080 | D:4      | Reached XP level 8. HP: 56/56 MP: 8/8
  3101 | D:4      | Reached skill level 9 in Ranged Weapons
  3221 | D:4      | Found a large runed translucent door.
  3221 | D:4      | Found a large runed translucent door.
  3223 | D:4      | Noticed Hsik's ghost (amateur KoHu)
  3240 | D:4      | Identified the +1 chain mail "Jbt Nody" {Dex+6}
  3458 | D:5      | Entered Level 5 of the Dungeon
  3590 | D:5      | Noticed Pikel
  3610 | D:5      | Killed Pikel
  3611 | D:5      | Reached skill level 10 in Ranged Weapons
  3720 | D:5      | Found Ymuwnixt's Antique Weapon Shoppe.
  3850 | D:5      | Noticed Blork the orc
  3857 | D:5      | Killed Blork the orc
  3893 | D:5      | Reached * piety under Okawaru
  4167 | D:5      | Identified the +2 robe "Vuren" {Will- Int+4 Stlth+}
  4346 | D:5      | Noticed Grinder
  4355 | D:5      | Killed Grinder
  4356 | D:5      | Reached XP level 9. HP: 65/65 MP: 9/9
  4692 | D:6      | Reached ** piety under Okawaru
  4722 | D:6      | Reached skill level 5 in Dodging
  5069 | D:6      | Found a snail-covered altar of Cheibriados.
  5082 | D:6      | Found an ornate altar of the Wu Jian Council.
  5375 | D:7      | Reached skill level 5 in Fighting
  5502 | D:7      | Found a sand-covered staircase.
  5507 | Ossuary  | Entered an ossuary
  5603 | Ossuary  | Reached *** piety under Okawaru
  5656 | Ossuary  | Reached XP level 10. HP: 60/74 MP: 10/10
  5713 | Ossuary  | Reached skill level 11 in Ranged Weapons
  6597 | D:8      | Noticed Maggie
  6612 | D:8      | Killed Maggie
  6612 | D:8      | Reached **** piety under Okawaru
  6747 | D:8      | Reached skill level 12 in Ranged Weapons
  6949 | D:8      | Found a staircase to the Lair.
  7287 | D:8      | Reached skill level 13 in Ranged Weapons
  7555 | D:8      | Reached ***** piety under Okawaru
  7601 | D:8      | Noticed a two-headed ogre
  7607 | D:8      | Killed a two-headed ogre
  7608 | D:8      | Reached XP level 11. HP: 43/79 MP: 11/11
  7947 | D:9      | Received a gift from Okawaru
  7992 | D:9      | Found Digiesm's Book Shoppe.
  8293 | D:9      | Reached skill level 14 in Ranged Weapons
  8549 | Lair:1   | Entered Level 1 of the Lair of Beasts
  8642 | Lair:1   | HP: 2/80 [black mamba (17)]
  8856 | Lair:1   | Paralysed by a hornet for 2 turns
  9638 | Lair:1   | Received a gift from Okawaru
  9919 | Lair:1   | Found the +8 whip "Snakebite" {venom, curare, rPois}
 10344 | Lair:2   | Reached skill level 10 in Fighting
 10350 | Lair:2   | Reached XP level 12. HP: 60/97 MP: 12/12
 10352 | Lair:2   | Received a gift from Okawaru
 11226 | Lair:2   | Noticed a skyshark
 11542 | Lair:3   | Noticed Fannar
 11559 | Lair:3   | Killed Fannar
 11838 | Lair:3   | Received a gift from Okawaru
 11921 | Lair:3   | Noticed a four-headed hydra
 12041 | Lair:3   | Found a staircase to the Swamp.
 12111 | Lair:4   | Found a staircase to the Slime Pits.
 12205 | Lair:4   | Noticed Nessos
 12213 | Lair:4   | HP: 4/105 [Nessos/arrow (12)]
 12213 | Lair:4   | Shot with an arrow by Nessos

Illustrated notes

Levels and vault maps discovered:
D:1:      dpeg_arrival_stone_temple_mockup, layout_rooms
D:2:      layout_basic, basic_altar, uniq_sigmund, uniq_robin
D:3:      layout_loops_corners, nicolae_uskayaw_murder_on_the_dancefloor,
          cheibrodos_sewer_entry_sluice
D:4:      layout_cave_pools, minmay_temple_entry_tees,
          ebering_ghost_disaster_area, minmay_close_crescents
D:5:      layout_basic, serial_shops, nicolae_inconvenience_store, uniq_grinder,
          uniq_pikel, uniq_blork_the_orc
D:6:      layout_rooms, mainiacjoe_overflow_catwalk_spiral
D:7:      layout_basic, nicolae_ossuary_entry_ruins, serial_glass,
          glass_columns_a, glass_columns_b, glass_columns_b, glass_columns_a,
          glass_columns_b, glass_columns_a
D:8:      layout_basic, erik_lair_orcish_takeover, wad_floor_pattern_2,
          uniq_maggie
D:9:      layout_basic, serial_shops, shop
Temple:   dpeg_three_leaves_temple
Lair:1:   minmay_guarded_unrand_snakebite, layout_regular_city,
          pdpol_lair_cavern_descent
Lair:2:   kb_forest_paths, layout_chaotic_city, serial_bayou,
          serial_bayou_pond_a, serial_bayou_pond_c, serial_bayou_pond_a,
          serial_bayou_pond_b, serial_bayou_shore_b
Lair:3:   layout_gridlike, skrybe_swamp_entry_bodies, spider_nest_entry_a,
          uniq_fannar, uniq_amaemon
Lair:4:   layout_misc_corridors, slime_entry_1, st_stairs_3, uniq_nessos

Skill      XL: |  1  2  3  4  5  6  7  8  9 10 11 12 |
---------------+-------------------------------------+-----
Ranged Weapons | 4 6 7 8 10 13 14 | 14.0
Dodging        | 3 6 |  6.2
Fighting       | 3 5 10 13 | 13.3
Stealth        | |  0.7

Action                     |  1- 3 |  4- 6 |  7- 9 | 10-12 || total
---------------------------+-------+-------+-------+-------++-------
  Melee: Sling             |       |       |     2 |     8 ||    10
   Fire: Sling             |   132 |   146 |   704 |  1414 ||  2396
  Evoke: Wand              |       |       |     1 |     5 ||     6
    Use: Scroll            |     1 |       |     7 |     9 ||    17
         Potion            |       |       |       |    11 ||    11
 Armour: Leather armour    |    25 |    21 |    83 |    13 ||   142
         Steam dragon scal |       |       |       |   164 ||   164
  Dodge: Dodged            |     6 |    16 |    43 |   202 ||   267

Table legend: (Time is in decaauts)
 A = Elapsed time spent in this place.
 B = Non-inter-level travel time spent in this place.
 C = Inter-level travel time spent in this place.
 D = Time resting spent in this place.
 E = Time spent auto-exploring this place.
 F = Levels seen in this place.
 G = Mean time per level.
                   A        B        C        D        E       F      G
               +--------+--------+--------+--------+--------+-----+--------+
         Total |  12087 |  11804 |    283 |   1143 |   8626 |  16 |  755.4 |
       Dungeon |   8028 |   7811 |    217 |    541 |   6073 |   9 |  892.0 |
        Temple |     16 |      9 |      7 |      0 |      0 |   1 |   16.0 |
          Lair |   3348 |   3289 |     59 |    602 |   2043 |   4 |  837.0 |
         Sewer |    449 |    449 |      0 |      0 |    348 |   1 |  449.0 |
       Ossuary |    244 |    244 |      0 |      0 |    161 |   1 |  244.0 |
               +--------+--------+--------+--------+--------+-----+--------+

Top non-repeatable levels by time:
  Lair:2: 1527 daAuts
     D:8: 1454 daAuts
  Lair:1: 1387 daAuts
     D:7: 1149 daAuts
     D:5: 1136 daAuts
     D:3: 945 daAuts
     D:2: 938 daAuts
     D:9: 657 daAuts
     D:4: 591 daAuts
     D:6: 582 daAuts
     D:1: 574 daAuts
   Sewer: 449 daAuts
  Lair:3: 404 daAuts
 Ossuary: 244 daAuts
  Lair:4: 29 daAuts
